[Event "ICC tourney 2308 (3 2)"]
[Site "Internet Chess Club"]
[Date "2021.01.15"]
[Round "9"]
[White "TjkTiger"]
[Black "YKQ"]
[Result "1-0"]
[ICCResult "Black checkmated"]
[WhiteElo "2597"]
[BlackElo "2550"]
[Opening "English opening"]
[ECO "A13"]
[NIC "EO.64"]
[Time "22:06:07"]
[PlyCount "53"]
[TimeControl "180+2"]

1. c4 e6 2. Nc3 f5 3. a3 Nf6 4. d4 b6 5. Nf3 Bb7 6. d5 Na6 7. g3 Nc5 8. Bg2
Bd6 9. O-O O-O 10. Nb5 Be7 11. b4 Nce4 12. Bf4 Ne8 13. dxe6 dxe6 14. Qxd8
Bxd8 15. Rfd1 Bf6 16. Be5 a6 17. Nbd4 Kf7 18. Rac1 c5 19. Nb3 Ke7 20. bxc5
Nxc5 21. Nxc5 bxc5 22. Rb1 Be4 23. Rb6 Ra7 24. Bb8 Rb7 25. Rxb7+ Bxb7 26.
Ne5 Bxg2 27. Rd7# { Black checkmated } 1-0

[Event "ICC tourney 2308 (3 2)"]
[Site "Internet Chess Club"]
[Date "2021.01.15"]
[Round "9"]
[White "drberkley"]
[Black "leilei8514"]
[Result "1-0"]
[ICCResult "Black checkmated"]
[WhiteElo "1952"]
[BlackElo "1397"]
[Opening "Sicilian: Grand Prix attack"]
[ECO "B23"]
[NIC "SI.44"]
[Time "22:05:53"]
[PlyCount "61"]
[TimeControl "180+2"]

1. e4 c5 2. Nc3 Nc6 3. f4 e6 4. Nf3 Be7 5. Bb5 d6 6. O-O Bd7 7. d3 Nf6 8.
Bxc6 Bxc6 9. Qe1 d5 10. e5 Nd7 11. Ne2 d4 12. Qg3 O-O 13. f5 Kh8 14. fxe6
fxe6 15. Nf4 Bd5 16. Qh3 Kg8 17. Nxe6 Bxe6 18. Qxe6+ Kh8 19. Bd2 Rc8 20.
Rae1 Rc6 21. Qh3 Nb6 22. Re4 Qe8 23. Bg5 Bxg5 24. Nxg5 Rxf1+ 25. Kxf1 Qg6
26. Qf3 Kg8 27. e6 Rc8 28. e7 Re8 29. Ne6 Nd5 30. Qf8+ Rxf8+ 31. exf8=Q# {
Black checkmated } 1-0

[Event "ICC tourney 2308 (3 2)"]
[Site "Internet Chess Club"]
[Date "2021.01.15"]
[Round "9"]
[White "chessrex"]
[Black "GLeschinsky"]
[Result "0-1"]
[ICCResult "White checkmated"]
[WhiteElo "1949"]
[BlackElo "2103"]
[Opening "Caro-Kann defense"]
[ECO "B15"]
[NIC "CK.05"]
[Time "22:06:04"]
[PlyCount "132"]
[TimeControl "180+2"]

1. d4 d5 2. e4 c6 3. Nc3 dxe4 4. Bc4 Nf6 5. f3 Qb6 6. fxe4 e5 7. Nf3 exd4
8. Nxd4 Bc5 9. Nb3 Bf2+ 10. Kf1 Bg4 11. Be2 Bh4 12. g3 Bh3+ 13. Ke1 Bg2 14.
gxh4 Bxh1 15. Qd4 Qxd4 16. Nxd4 Nxe4 17. Nf5 O-O 18. Bd3 Nxc3 19. bxc3 Re8+
20. Kf2 Bd5 21. c4 Be6 22. Nd6 Re7 23. Bb2 Na6 24. Rg1 g6 25. h5 Nc5 26.
Be2 Rd7 27. Ba3 Rxd6 28. Bxc5 Rd2 29. Ke1 Rxc2 30. Kd1 Rxa2 31. Ke1 Ra1+
32. Kd2 Rd8+ 33. Kc2 Bf5+ 34. Kb2 Rxg1 35. Bxg1 Rd2+ 36. Kc3 Rxe2 37. Bxa7
gxh5 38. Kd4 Rxh2 39. Bb8 Be6 40. Bxh2 Kg7 41. Kc5 Kg6 42. Kb6 Bxc4 43.
Kxb7 Bd5 44. Kb6 Kf5 45. Kc5 Kg4 46. Kd4 Kf3 47. Ke5 h4 48. Kf5 h3 49. Kg5
Kg2 50. Bf4 h2 51. Bxh2 Kxh2 52. Kh6 c5 53. Kxh7 c4 54. Kh6 c3 55. Kg5 c2
56. Kf4 c1=Q+ 57. Ke5 Qe3+ 58. Kxd5 f5 59. Kc4 f4 60. Kd5 f3 61. Kc4 f2 62.
Kd5 f1=Q 63. Kd6 Qf5 64. Kc6 Qee6+ 65. Kc7 Qff7+ 66. Kd8 Qee8# { White
checkmated } 0-1

[Event "ICC tourney 2308 (3 2)"]
[Site "Internet Chess Club"]
[Date "2021.01.15"]
[Round "9"]
[White "haarim"]
[Black "arunjayanthi"]
[Result "1-0"]
[ICCResult "Black resigns"]
[WhiteElo "1491"]
[BlackElo "1524"]
[Opening "Sicilian: O'Kelly variation"]
[ECO "B28"]
[NIC "SI.43"]
[Time "22:05:57"]
[PlyCount "79"]
[TimeControl "180+2"]

1. e4 c5 2. Nf3 a6 3. d4 cxd4 4. Nxd4 Nf6 5. Nc3 e5 6. Nb3 Bb4 7. Bd2 Bxc3
8. Bxc3 Nxe4 9. Bxe5 Qe7 10. Qd4 Nc6 11. Qxe4 Qxe5 12. Qxe5+ Nxe5 13. O-O-O
O-O 14. Bd3 b5 15. f3 Bb7 16. Rhe1 f6 17. Nc5 Nxd3+ 18. Rxd3 Bc6 19. Nxd7
Rfd8 20. Nc5 Rxd3 21. Nxd3 Rc8 22. Re7 Bd5 23. b3 a5 24. Nf4 Bf7 25. Ra7 g5
26. Nd3 Bg6 27. Kd2 a4 28. bxa4 bxa4 29. Rxa4 Bxd3 30. cxd3 Rb8 31. Kc2
Rc8+ 32. Rc4 Re8 33. Kb3 Re2 34. Rc2 Re3 35. Kc4 Kg7 36. a4 Kg6 37. a5 Re8
38. d4 Kf7 39. a6 Ke6 40. Re2+ { Black resigns } 1-0

[Event "ICC tourney 2308 (3 2)"]
[Site "Internet Chess Club"]
[Date "2021.01.15"]
[Round "9"]
[White "A4-H5"]
[Black "yogokings12"]
[Result "1-0"]
[ICCResult "Black resigns"]
[WhiteElo "1999"]
[BlackElo "1683"]
[Opening "Amar (Paris) opening"]
[ECO "A00"]
[NIC "VO.16"]
[Time "22:06:08"]
[PlyCount "115"]
[TimeControl "180+2"]

1. Nh3 d5 2. d4 c5 3. Nc3 Nf6 4. Bf4 a6 5. e3 Nc6 6. a3 Bf5 7. Bd3 Bxd3 8.
Qxd3 e6 9. O-O Bd6 10. dxc5 Bxc5 11. Bg5 Be7 12. Rad1 h6 13. Bh4 O-O 14.
Bg3 Bd6 15. f4 Qb6 16. b4 Rad8 17. Na4 Qc7 18. Bh4 Be7 19. Bg3 Bd6 20. Qe2
e5 21. Bh4 Be7 22. Nf2 exf4 23. exf4 Rfe8 24. Qd2 b5 25. Nc5 Ne4 26. Nfxe4
dxe4 27. Qf2 Bxh4 28. Qxh4 a5 29. c3 axb4 30. axb4 f5 31. Qh5 Qf7 32. Qe2
Qc4 33. Qxc4+ bxc4 34. b5 Na5 35. Ra1 Nb3 36. Nxb3 cxb3 37. Rab1 e3 38.
Rxb3 e2 39. Re1 Rd2 40. b6 Rb8 41. c4 Rc2 42. Rb4 Kf7 43. Kf2 Ke6 44. Rxe2+
Rxe2+ 45. Kxe2 Kd6 46. Kd3 Kc5 47. Rb5+ Kc6 48. Rxf5 Rxb6 49. Kc3 Rb7 50.
g4 Kd6 51. h4 Ke6 52. Rd5 Rf7 53. f5+ Ke7 54. Kd4 Rf6 55. Ke5 g6 56. Rd7+
Kxd7 57. Kxf6 gxf5 58. Kxf5 { Black resigns } 1-0

[Event "ICC tourney 2308 (3 2)"]
[Site "Internet Chess Club"]
[Date "2021.01.15"]
[Round "9"]
[White "DualMoneytime"]
[Black "ThomasBoyle"]
[Result "1-0"]
[ICCResult "Black checkmated"]
[WhiteElo "1982"]
[BlackElo "1283"]
[Opening "Petrov's defense"]
[ECO "C42"]
[NIC "RG.03"]
[Time "22:06:00"]
[PlyCount "89"]
[TimeControl "180+2"]

1. e4 e5 2. Nf3 Nf6 3. Nxe5 Nc6 4. Nxc6 dxc6 5. d3 Bc5 6. c3 Nxe4 7. d4 Bb6
8. Bd3 Nf6 9. O-O O-O 10. Bg5 Bg4 11. Bxf6 Qxf6 12. Qxg4 c5 13. dxc5 Bxc5
14. Qf5 Qxf5 15. Bxf5 g6 16. Bc2 Rfe8 17. b4 Bb6 18. Na3 Re2 19. Bd3 Rd2
20. Be4 c6 21. Nc4 Rdd8 22. Nxb6 axb6 23. Bf3 Ra3 24. c4 Ra4 25. Rfd1 Rb8
26. a3 c5 27. bxc5 bxc5 28. Bd5 Kg7 29. Re1 b5 30. cxb5 c4 31. Bc6 c3 32.
Rec1 Rc4 33. a4 Rd8 34. a5 c2 35. a6 Rd2 36. a7 Rf4 37. Bf3 Rfd4 38. a8=Q
Rd1+ 39. Rxd1 Rc4 40. Rdc1 Rc5 41. Qc6 Rf5 42. Rxc2 h5 43. Qc3+ Kh6 44. h4
Rf4 45. Qh8# { Black checkmated } 1-0

[Event "ICC tourney 2308 (3 2)"]
[Site "Internet Chess Club"]
[Date "2021.01.15"]
[Round "9"]
[White "clair"]
[Black "mchessmaster"]
[Result "0-1"]
[ICCResult "White checkmated"]
[WhiteElo "1681"]
[BlackElo "1955"]
[Opening "Queen's pawn, Mason variation"]
[ECO "D00"]
[NIC "QP.08"]
[Time "22:06:01"]
[PlyCount "128"]
[TimeControl "180+2"]

1. d4 d5 2. Bf4 Bf5 3. e3 Nf6 4. Nf3 e6 5. c4 c5 6. cxd5 Nxd5 7. Bb5+ Nc6
8. Ne5 Qa5+ 9. Nc3 Nxc3 10. Bxc6+ bxc6 11. bxc3 Qxc3+ 12. Ke2 cxd4 13. Qxd4
Qxd4 14. exd4 Bd6 15. g3 f6 16. Nxc6 Bxf4 17. gxf4 Be4 18. Nb4 Bxh1 19. Rg1
Bd5 20. Nxd5 exd5 21. Rxg7 Kf8 22. Rg4 Re8+ 23. Kf3 Re4 24. Rh4 Rxd4 25.
Rh6 Kg7 26. Rh5 Re8 27. h4 Ree4 28. Rf5 Kg6 29. Kg4 Rd1 30. h5+ Kg7 31. f3
Re2 32. a4 Rg1+ 33. Kh3 Rf2 34. Rxd5 Rxf3+ 35. Kh2 Rg4 36. Rd7+ Kh6 37.
Rxa7 Rfxf4 38. a5 Rh4+ 39. Kg3 Rhg4+ 40. Kh3 f5 41. a6 Rf1 42. Kh2 Ra4 43.
Ra8 Kxh5 44. a7 Rf2+ 45. Kg3 Rfa2 46. Rf8 Rxa7 47. Rxf5+ Kg6 48. Rf3 R7a3
49. Rxa3 Rxa3+ 50. Kf4 h5 51. Ke4 h4 52. Kf4 h3 53. Ke4 h2 54. Ke5 h1=Q 55.
Kf4 Qg2 56. Ke5 Qf3 57. Ke6 Qf4 58. Ke7 Re3+ 59. Kd7 Qd4+ 60. Kc7 Rc3+ 61.
Kb7 Qb4+ 62. Ka6 Rc6+ 63. Ka7 Qb6+ 64. Ka8 Rc8# { White checkmated } 0-1

[Event "ICC tourney 2308 (3 2)"]
[Site "Internet Chess Club"]
[Date "2021.01.15"]
[Round "9"]
[White "sahina"]
[Black "CheddarCheng1"]
[Result "0-1"]
[ICCResult "White forfeits on time"]
[WhiteElo "1550"]
[BlackElo "1424"]
[Opening "Queen's pawn: London system"]
[ECO "A45"]
[NIC "QP.07"]
[Time "22:05:52"]
[PlyCount "114"]
[TimeControl "180+2"]

1. d4 Nf6 2. Bf4 g6 3. e3 Bg7 4. Nd2 O-O 5. c3 d6 6. Ngf3 Nbd7 7. Bd3 Re8
8. Qc2 e5 9. dxe5 dxe5 10. Bg5 a5 11. a4 Nc5 12. Bc4 e4 13. Bxf6 Qxf6 14.
Nd4 c6 15. O-O-O Bg4 16. f3 exf3 17. gxf3 Bh5 18. e4 Qf4 19. Ne2 Qe3 20.
Kb1 Bxf3 21. Nxf3 Qxf3 22. Nd4 Qf4 23. Rhf1 Qe5 24. Bxf7+ Kh8 25. Bxe8 Rxe8
26. Rde1 Nxe4 27. Ka1 Qd5 28. Rf4 Nd6 29. Rxe8+ Nxe8 30. Qe2 Nd6 31. Qe7
Qh1+ 32. Ka2 Qd5+ 33. Nb3 Nf5 34. Qe8+ Qg8 35. Qxg8+ Kxg8 36. Re4 Kf7 37.
Nc5 b6 38. Nd7 Nd6 39. Rf4+ Ke6 40. Nxb6 Be5 41. Rf8 Bxh2 42. Rh8 h5 43.
Rh6 Kf5 44. Nd7 Bf4 45. Rh8 Nf7 46. Rf8 Ke6 47. Nc5+ Ke7 48. Rc8 Kd6 49.
Nb7+ Kd7 50. Rf8 Ke7 51. Rh8 Nxh8 52. Nc5 h4 53. Ne4 h3 54. Nf2 h2 55. b4
axb4 56. cxb4 Be3 57. a5 Bxf2 { White forfeits on time } 0-1

[Event "ICC tourney 2308 (3 2)"]
[Site "Internet Chess Club"]
[Date "2021.01.15"]
[Round "9"]
[White "GrandWizard"]
[Black "hackerguru"]
[Result "0-1"]
[ICCResult "White resigns"]
[WhiteElo "1806"]
[BlackElo "1750"]
[Opening "Gedult's opening"]
[ECO "A00"]
[Time "22:05:51"]
[PlyCount "94"]
[TimeControl "180+2"]

1. f3 d5 2. Kf2 e5 3. e3 Nf6 4. Be2 e4 5. f4 Bd6 6. a4 d4 7. b3 dxe3+ 8.
dxe3 h5 9. Ba3 Ng4+ 10. Bxg4 Bxg4 11. Qd4 Nc6 12. Qxe4+ Kd7 13. Bxd6 cxd6
14. h3 Be6 15. Nf3 d5 16. Rd1 Qf6 17. Ne5+ Kc7 18. Qf3 Nxe5 19. fxe5 Qxe5
20. Qf4 Qxf4+ 21. exf4 Rh6 22. Nc3 Rd8 23. Rd4 Rf6 24. g3 Kc6 25. Rad1 Bxh3
26. Nxd5 Rfd6 27. Ne7+ Kc7 28. Rxd6 Rxd6 29. Nd5+ Kd7 30. Nc3 Bf5 31. Rxd6+
Kxd6 32. Nb5+ Kc5 33. Nxa7 Bxc2 34. Nc8 Bxb3 35. Ne7 Bxa4 36. Nf5 g6 37.
Nh6 Bb3 38. Ke3 Be6 39. Kd2 Kd4 40. Ng8 Ke4 41. Nf6+ Kf3 42. Kd3 Kxg3 43.
Ke3 h4 44. Ne4+ Kg2 45. Ng5 h3 46. Nxe6 fxe6 47. f5 exf5 { White resigns }
0-1

[Event "ICC tourney 2308 (3 2)"]
[Site "Internet Chess Club"]
[Date "2021.01.15"]
[Round "9"]
[White "sarvadh"]
[Black "vikram251107"]
[Result "0-1"]
[ICCResult "White resigns"]
[WhiteElo "2250"]
[BlackElo "2002"]
[Opening "Caro-Kann: Tartakower (Nimzovich) variation"]
[ECO "B15"]
[NIC "CK.06"]
[Time "22:05:49"]
[PlyCount "98"]
[TimeControl "180+2"]

1. e4 c6 2. d4 d5 3. Nc3 dxe4 4. Nxe4 Nf6 5. Nxf6+ exf6 6. Nf3 Bd6 7. Bd3
O-O 8. O-O Bg4 9. h3 Bh5 10. Be3 Bc7 11. Be2 Qd6 12. g3 Qe6 13. Kg2 Nd7 14.
Nh4 Qe4+ 15. Bf3 Bxf3+ 16. Nxf3 f5 17. Qd3 Nf6 18. Qxe4 Nxe4 19. Rad1 Rad8
20. Nd2 Nf6 21. Nc4 b5 22. Ne5 Bxe5 23. dxe5 Nd5 24. Bxa7 Ra8 25. Bc5 Rfe8
26. a3 Rxe5 27. Rfe1 Rae8 28. Rxe5 Rxe5 29. Kf3 h6 30. Rd2 g5 31. b3 f6 32.
c4 bxc4 33. bxc4 Nc3 34. Bd4 Ne4 35. Rb2 Re8 36. Kg2 Rd8 37. Be3 Ra8 38. f3
Nd6 39. Rb6 Nxc4 40. Rb3 Rxa3 41. Rxa3 Nxa3 42. Bc5 Nc4 43. Kf2 Kf7 44. Ke2
Ke6 45. Kd3 Kd5 46. Bd4 Ne5+ 47. Ke3 Nxf3 48. Bxf6 Ne5 49. h4 Ng4+ { White
resigns } 0-1

[Event "ICC tourney 2308 (3 2)"]
[Site "Internet Chess Club"]
[Date "2021.01.15"]
[Round "9"]
[White "chesssky"]
[Black "ASharikov"]
[Result "1-0"]
[ICCResult "Black resigns"]
[WhiteElo "1991"]
[BlackElo "2281"]
[Opening "Queen's pawn game, Chigorin variation"]
[ECO "A04"]
[NIC "QP.11"]
[Time "22:06:09"]
[PlyCount "87"]
[TimeControl "180+2"]

1. Nf3 Nc6 2. d4 d5 3. c4 Bg4 4. Nc3 e6 5. cxd5 exd5 6. g3 Bxf3 7. exf3
Nge7 8. Be3 g6 9. Qd2 Bg7 10. Bh3 O-O 11. O-O Na5 12. b3 c6 13. Rfe1 b6 14.
Re2 Nb7 15. Bg5 f6 16. Bh6 Nd6 17. Rae1 Nef5 18. Bxg7 Kxg7 19. Qf4 Rf7 20.
Re6 Rd7 21. Bxf5 Nxf5 22. Rxc6 Rc8 23. Rxc8 Qxc8 24. Nb5 a6 25. Rc1 Qe8 26.
Nc7 Qe2 27. a4 Qb2 28. Rc6 Kf7 29. Nxa6 Qxd4 30. Qxd4 Nxd4 31. Rxb6 Nxf3+
32. Kg2 Ne5 33. Nc5 Rd8 34. Rb7+ Kg8 35. Ne6 Rd6 36. Nd4 Nd3 37. b4 h5 38.
b5 Kf8 39. a5 Nc5 40. Rh7 Ne6 41. Nxe6+ Rxe6 42. a6 Kg8 43. Rb7 Re8 44. a7
{ Black resigns } 1-0

[Event "ICC tourney 2308 (3 2)"]
[Site "Internet Chess Club"]
[Date "2021.01.15"]
[Round "9"]
[White "Sparta250"]
[Black "woochess"]
[Result "1-0"]
[ICCResult "Black resigns"]
[WhiteElo "2702"]
[BlackElo "2595"]
[Opening "Sicilian defense"]
[ECO "B41"]
[NIC "SI.43"]
[Time "22:06:01"]
[PlyCount "85"]
[TimeControl "180+2"]

1. e4 c5 2. Nf3 e6 3. d4 cxd4 4. Bg5 Be7 5. Bxe7 Qxe7 6. Qxd4 Nf6 7. Nc3
Nc6 8. Qe3 d6 9. O-O-O a6 10. Qd2 b5 11. Qxd6 Qxd6 12. Rxd6 Bb7 13. a3 Ke7
14. Rd2 Rhd8 15. Bd3 Rd7 16. e5 Ng4 17. Re1 b4 18. axb4 Nxb4 19. Be4 Rxd2
20. Nxd2 Rb8 21. Bxb7 Rxb7 22. f3 Nh6 23. g4 f6 24. Nb3 Nf7 25. Nc5 Rb6 26.
exf6+ gxf6 27. f4 Rc6 28. N5e4 a5 29. f5 Ne5 30. Rg1 Nf3 31. Rg2 Nd4 32.
fxe6 Rxe6 33. Rf2 Re5 34. Nxf6 Ndxc2 35. Ng8+ Ke6 36. Rf6+ Kd7 37. Rf7+ Kd6
38. Nh6 Re1+ 39. Kd2 Rg1 40. Rf2 Nd4 41. Nf5+ Ke5 42. Nxd4 Kxd4 43. Ne2+ {
Black resigns } 1-0

[Event "ICC tourney 2308 (3 2)"]
[Site "Internet Chess Club"]
[Date "2021.01.15"]
[Round "9"]
[White "pyaru536"]
[Black "wolverine54"]
[Result "0-1"]
[ICCResult "White checkmated"]
[WhiteElo "2092"]
[BlackElo "2327"]
[Opening "King's Indian defense"]
[ECO "E60"]
[NIC "KI.80"]
[Time "22:06:00"]
[PlyCount "70"]
[TimeControl "180+2"]

1. d4 Nf6 2. c4 g6 3. f3 c5 4. d5 Bg7 5. e4 d6 6. Nc3 O-O 7. Nge2 a6 8. a4
Nbd7 9. Ng3 h5 10. Bg5 Qb6 11. Qd2 Ne5 12. a5 Qb4 13. Ra4 Qb3 14. Ra3 Qb4
15. Ra4 Qb3 16. f4 Ned7 17. Be2 b5 18. Bd1 bxa4 19. Bxb3 axb3 20. O-O Rb8
21. e5 dxe5 22. f5 Rb4 23. Qd3 e4 24. Ncxe4 Ne5 25. Qe2 Nxe4 26. Qxe4 Rxc4
27. Qe1 h4 28. Bxe7 Re8 29. f6 Bxf6 30. Rxf6 Rxe7 31. Ne4 Nd3 32. Qf1 Rc1
33. d6 Rxf1+ 34. Kxf1 Rxe4 35. d7 Re1# { White checkmated } 0-1

[Event "ICC tourney 2308 (3 2)"]
[Site "Internet Chess Club"]
[Date "2021.01.15"]
[Round "9"]
[White "aberdeenace"]
[Black "Gnanathan"]
[Result "1-0"]
[ICCResult "Black forfeits on time"]
[WhiteElo "1546"]
[BlackElo "1101"]
[Opening "Sicilian: Grand Prix attack"]
[ECO "B21"]
[NIC "SI.48"]
[Time "22:06:45"]
[PlyCount "83"]
[TimeControl "180+2"]

1. e4 c5 2. f4 Nc6 3. Nf3 d6 4. Bc4 Nf6 5. d3 e6 6. O-O d5 7. exd5 exd5 8.
Bb5 Be7 9. Bxc6+ bxc6 10. Ne5 Bb7 11. g4 O-O 12. g5 Nd7 13. Ng4 f5 14. Ne3
d4 15. Nc4 Ba6 16. Nbd2 Bxc4 17. Nxc4 Nb6 18. Ne5 Qc7 19. h4 Nd7 20. Nc4
Nb6 21. Ne5 Nd7 22. Qf3 Nxe5 23. fxe5 Qxe5 24. Bf4 Qd5 25. Qg3 Rad8 26.
Rfe1 Bd6 27. Bxd6 Qxd6 28. Qxd6 Rxd6 29. Re7 Ra8 30. Rae1 Kf8 31. Rc7 a5
32. Ree7 Rb8 33. b3 Re8 34. Rf7+ Kg8 35. Rxg7+ Kh8 36. Rxh7+ Kg8 37. Kf2
Rde6 38. g6 Re2+ 39. Kf3 R8e3+ 40. Kf4 Rf2+ 41. Kg5 Rg3+ 42. Kf6 { Black
forfeits on time } 1-0

[Event "ICC tourney 2308 (3 2)"]
[Site "Internet Chess Club"]
[Date "2021.01.15"]
[Round "9"]
[White "Volkov"]
[Black "MrNormalName"]
[Result "1-0"]
[ICCResult "Black checkmated"]
[WhiteElo "2607"]
[BlackElo "2174"]
[Opening "Nimzo-Indian: Kmoch variation"]
[ECO "E20"]
[NIC "NI.30"]
[Time "22:06:16"]
[PlyCount "99"]
[TimeControl "180+2"]

1. d4 Nf6 2. c4 e6 3. Nc3 Bb4 4. f3 O-O 5. a3 Bxc3+ 6. bxc3 c5 7. e4 Ne8 8.
Bd3 b6 9. Ne2 Nc6 10. Be3 d6 11. O-O Ba6 12. Ng3 Na5 13. Qe2 Rc8 14. d5 e5
15. f4 exf4 16. Bxf4 f6 17. Rf3 Rc7 18. Nf5 Bc8 19. Re1 Rff7 20. Re3 a6 21.
h4 Rb7 22. h5 Qd7 23. Rg3 Kh8 24. Qg4 b5 25. cxb5 axb5 26. Qh4 Ra7 27. Rg4
Nc4 28. Bxc4 bxc4 29. Qg3 Ra6 30. Rb1 Qc7 31. Rh4 Bd7 32. Kh2 Ba4 33. Re1
Bd7 34. Re3 Bc8 35. Rf3 Ra7 36. Nxd6 Nxd6 37. Bxd6 Qd7 38. Bxc5 Rb7 39. Bd4
Rb1 40. Rhf4 Qa4 41. e5 Qd1 42. Rf1 Qxh5+ 43. Rh4 Qxh4+ 44. Qxh4 Rxf1 45.
e6 Rb7 46. Qe4 Rbb1 47. e7 Rh1+ 48. Kg3 Bd7 49. e8=Q+ Bxe8 50. Qxe8# {
Black checkmated } 1-0

[Event "ICC tourney 2308 (3 2)"]
[Site "Internet Chess Club"]
[Date "2021.01.15"]
[Round "9"]
[White "Openyagami"]
[Black "Assured"]
[Result "0-1"]
[ICCResult "White resigns"]
[WhiteElo "2606"]
[BlackElo "2552"]
[Opening "English: symmetrical, hedgehog system"]
[ECO "A15"]
[NIC "EO.40"]
[Time "22:06:21"]
[PlyCount "80"]
[TimeControl "180+2"]

1. c4 Nf6 2. Nf3 e6 3. g3 b6 4. Bg2 Bb7 5. O-O c5 6. Nc3 Be7 7. Re1 Ne4 8.
Qc2 Nxc3 9. dxc3 Nc6 10. Bf4 d6 11. Rad1 Qc7 12. h4 h6 13. e4 O-O 14. h5
Ne5 15. b3 Rad8 16. Nh2 a6 17. a4 Bc6 18. Qc1 Kh7 19. Nf1 Bf6 20. Ne3 b5
21. axb5 axb5 22. cxb5 Bxb5 23. Qc2 Kg8 24. Bxe5 dxe5 25. Rxd8 Rxd8 26. Rd1
Rb8 27. Bf1 Bc6 28. Bc4 Bg5 29. Ng4 Qb7 30. Nxe5 Bxe4 31. Qe2 Rd8 32. Rxd8+
Bxd8 33. Qg4 Bd5 34. Qf4 Bf6 35. Ng4 Bxc3 36. Qd6 Bxc4 37. bxc4 Bd4 38.
Qd8+ Kh7 39. Qh4 Qf3 40. Qh3 f5 { White resigns } 0-1

[Event "ICC tourney 2308 (3 2)"]
[Site "Internet Chess Club"]
[Date "2021.01.15"]
[Round "9"]
[White "bnielsen19"]
[Black "Ayushb"]
[Result "0-1"]
[ICCResult "White forfeits on time"]
[WhiteElo "1565"]
[BlackElo "1769"]
[Opening "Giuoco Piano"]
[ECO "C54"]
[NIC "IG.02"]
[Time "22:06:24"]
[PlyCount "86"]
[TimeControl "180+2"]

1. e4 e5 2. Nf3 Nc6 3. Bc4 Bc5 4. c3 Nf6 5. d3 d6 6. Bb3 O-O 7. Bc2 Bg4 8.
h3 Bh5 9. g4 Bg6 10. Qe2 d5 11. Bg5 dxe4 12. dxe4 Qd6 13. Nbd2 a5 14. Rd1
Qe7 15. Nc4 b5 16. Ne3 Rad8 17. Nd5 Qe6 18. Bb3 Qc8 19. Nxf6+ gxf6 20. Bxf6
Rxd1+ 21. Qxd1 Bxe4 22. Qe2 Bg6 23. O-O a4 24. Bd5 Ne7 25. Qxe5 Bd6 26. Qg5
Nxd5 27. Qxd5 Qe6 28. Qg5 Re8 29. Re1 Qd7 30. Qh6 Rxe1+ 31. Nxe1 Bf8 32.
Qe3 Qe6 33. Qxe6 fxe6 34. Be5 c5 35. Kg2 Kf7 36. Kg3 b4 37. Kf3 Be7 38. Ke3
Bb1 39. a3 b3 40. Nd3 c4 41. Nf4 Bg5 42. f3 Bc2 43. Bd6 Kf6 { White
forfeits on time } 0-1

[Event "ICC tourney 2308 (3 2)"]
[Site "Internet Chess Club"]
[Date "2021.01.15"]
[Round "9"]
[White "kurumania"]
[Black "Retrospective"]
[Result "1/2-1/2"]
[ICCResult "Game drawn by mutual agreement"]
[WhiteElo "2514"]
[BlackElo "2668"]
[Opening "Vienna gambit: Paulsen attack"]
[ECO "C29"]
[NIC "VG.03"]
[Time "22:06:07"]
[PlyCount "113"]
[TimeControl "180+2"]

1. e4 e5 2. Nc3 Nf6 3. f4 d5 4. fxe5 Nxe4 5. Qf3 Nxc3 6. dxc3 Be7 7. Bf4
O-O 8. O-O-O Be6 9. Ne2 c5 10. Ng3 Nc6 11. Nh5 g6 12. Nf6+ Bxf6 13. exf6
Qxf6 14. Bd6 Qxf3 15. gxf3 Rfc8 16. Bxc5 Ne5 17. Bf2 Nxf3 18. Bg2 Ng5 19.
Bxd5 Bxd5 20. Rxd5 Ne4 21. Bd4 Rd8 22. Rxd8+ Rxd8 23. Bxa7 Ra8 24. Bd4 Rxa2
25. Kb1 Ra6 26. b3 f5 27. c4 Kf7 28. Kb2 g5 29. b4 f4 30. b5 Re6 31. c5 g4
32. Rf1 f3 33. h3 h5 34. hxg4 hxg4 35. Ka3 Nd2 36. Rg1 Re4 37. Bf2 Re2 38.
Bd4 Re4 39. Bf2 Nc4+ 40. Kb3 Ne5 41. c6 bxc6 42. b6 Nd7 43. Rd1 Nxb6 44.
Bxb6 g3 45. Bc7 f2 46. Bxg3 Re3+ 47. Kc4 Rxg3 48. Rf1 Rf3 49. Kd4 Ke6 50.
Ke4 Rf8 51. Ke3 Kd5 52. Rxf2 Rxf2 53. Kxf2 Kc4 54. Ke2 Kc3 55. Kd1 c5 56.
Kc1 c4 57. Kb1 { Game drawn by mutual agreement } 1/2-1/2

[Event "ICC tourney 2308 (3 2)"]
[Site "Internet Chess Club"]
[Date "2021.01.15"]
[Round "9"]
[White "ZYCON"]
[Black "MarfaEs"]
[Result "0-1"]
[ICCResult "White checkmated"]
[WhiteElo "1385"]
[BlackElo "2004"]
[Opening "Grünfeld: modern exchange variation"]
[ECO "D85"]
[NIC "GI.04"]
[Time "22:05:52"]
[PlyCount "168"]
[TimeControl "180+2"]

1. d4 Nf6 2. c4 g6 3. Nc3 d5 4. cxd5 Nxd5 5. e4 Nxc3 6. bxc3 Bg7 7. Nf3 O-O
8. Be3 c5 9. Be2 Qa5 10. Qc2 cxd4 11. Bxd4 e5 12. Be3 Nc6 13. O-O Be6 14.
a3 Rac8 15. Rfc1 Rfd8 16. Qb2 Qc7 17. Rd1 Rxd1+ 18. Rxd1 Na5 19. Rc1 Nc4
20. Bxc4 Bxc4 21. Bxa7 Bh6 22. Rd1 Be6 23. Rd3 Qc4 24. Nxe5 Qa6 25. Be3 Bg7
26. c4 Qa5 27. Bd2 Bxe5 28. Bxa5 Bxb2 29. Rd8+ Rxd8 30. Bxd8 Bxc4 31. a4
Bd3 32. f3 Bd4+ 33. Kh1 b6 34. g3 Kf8 35. a5 bxa5 36. Bxa5 Ke7 37. Kg2 Ke6
38. h4 Be2 39. Be1 Ke5 40. Bf2 Bxf2 41. Kxf2 Bc4 42. Ke3 Bf1 43. Kf2 Bb5
44. Ke3 f6 45. f4+ Ke6 46. Kd4 Bf1 47. g4 Be2 48. f5+ gxf5 49. gxf5+ Kf7
50. Kd5 Bf3 51. Kd4 Kg7 52. e5 fxe5+ 53. Kxe5 Kf7 54. Kf4 Bc6 55. Kg5 Be4
56. h5 Kg7 57. Kf4 Bb1 58. Kg5 h6+ 59. Kf4 Kf6 60. Kg4 Bxf5+ 61. Kh4 Bd3
62. Kg4 Be2+ 63. Kh4 Kf5 64. Kg3 Bxh5 65. Kg2 Kg4 66. Kh2 Kh4 67. Kg2 Bg4
68. Kh2 h5 69. Kg2 Bf5 70. Kh2 Be4 71. Kg1 Kg3 72. Kf1 h4 73. Ke2 h3 74.
Ke3 Ba8 75. Ke2 h2 76. Kf1 h1=Q+ 77. Ke2 Qf3+ 78. Kd2 Kf2 79. Kc2 Qe3 80.
Kb1 Qd2 81. Ka1 Ke3 82. Kb1 Kd3 83. Ka1 Kc3 84. Kb1 Qb2# { White checkmated
} 0-1

[Event "ICC tourney 2308 (3 2)"]
[Site "Internet Chess Club"]
[Date "2021.01.15"]
[Round "9"]
[White "pracheth18"]
[Black "WaSabi5829"]
[Result "0-1"]
[ICCResult "White checkmated"]
[WhiteElo "1733"]
[BlackElo "1386"]
[Opening "Old Benoni defense"]
[ECO "A43"]
[NIC "OI.09"]
[Time "22:05:52"]
[PlyCount "158"]
[TimeControl "180+2"]

1. d4 c5 2. d5 d6 3. c4 e6 4. e4 exd5 5. exd5 Nf6 6. Nc3 Bf5 7. Bg5 h6 8.
Bh4 Be7 9. Nf3 Ne4 10. Nxe4 Bxe4 11. Bxe7 Qxe7 12. Qe2 Bxf3 13. Qxe7+ Kxe7
14. gxf3 Re8 15. O-O-O Nd7 16. Bd3 Ne5 17. Rhe1 Kd7 18. Bf5+ Kc7 19. b3
Nxf3 20. Re3 Rxe3 21. fxe3 Nxh2 22. Be4 Re8 23. Bg2 Rxe3 24. Rh1 Ng4 25.
Rf1 Ne5 26. Kd2 Rd3+ 27. Kc2 Rg3 28. Be4 g6 29. Rf2 f5 30. Bh1 Rg5 31. Rh2
h5 32. Rf2 h4 33. Kd2 Rg3 34. Bg2 Ng4 35. Re2 h3 36. Bh1 Ne5 37. Ke1 g5 38.
Kf2 f4 39. Rd2 g4 40. Re2 Nd3+ 41. Kf1 h2 42. Rxh2 f3 43. Rd2 Nc1 44. Kf2
Rh3 45. Rd1 Ne2 46. Re1 Rh2+ 47. Ke3 f2 48. Rf1 Ng3 49. Rxf2 Rxf2 50. Kxf2
Nxh1+ 51. Kg2 b5 52. Kxh1 bxc4 53. bxc4 Kb6 54. Kg2 Ka5 55. Kg3 Kb4 56.
Kxg4 Kxc4 57. Kf3 Kxd5 58. Ke3 Kc4 59. Ke4 d5+ 60. Ke3 d4+ 61. Kd2 a5 62.
Kc2 a4 63. a3 d3+ 64. Kd2 Kb3 65. Kxd3 Kxa3 66. Kc3 c4 67. Kxc4 Kb2 68. Kb4
a3 69. Kb5 a2 70. Kc4 a1=Q 71. Kd3 Qc1 72. Ke2 Qc3 73. Kf2 Kc2 74. Ke2 Qd3+
75. Kf2 Kd2 76. Kg1 Qe2 77. Kh1 Ke3 78. Kg1 Kf3 79. Kh1 Qg2# { White
checkmated } 0-1

[Event "ICC tourney 2308 (3 2)"]
[Site "Internet Chess Club"]
[Date "2021.01.15"]
[Round "10"]
[White "baldwinsthename"]
[Black "pracheth18"]
[Result "0-1"]
[ICCResult "White checkmated"]
[WhiteElo "1272"]
[BlackElo "1733"]
[Opening "Sicilian defense"]
[ECO "B32"]
[NIC "SI.31"]
[Time "22:20:43"]
[PlyCount "32"]
[TimeControl "180+2"]

1. e4 c5 2. Nf3 Nc6 3. d4 cxd4 4. Bb5 d6 5. e5 Qa5+ 6. Bd2 Qxb5 7. exd6
Qxb2 8. dxe7 Bxe7 9. Nxd4 Nxd4 10. Bc3 Nxc2+ 11. Kd2 Bg5+ 12. Kd3 Bf5+ 13.
Kc4 Rc8+ 14. Kd5 Ne7+ 15. Ke5 Rc5+ 16. Kd6 Qb6# { White checkmated } 0-1